 Dungeon Crawl Stone Soup version 0.27.1-1-g398f81649c (webtiles) character file.

Game seed: 15562453761778612519

1 chaosape the Cudgeller (level 1, 0/23 HPs)
             Began as a Gnoll Wanderer on Sept 13, 2021.
             Frozen to death by an endoplasm (2 damage)
             ... on level 1 of the Dungeon.
             The game lasted 00:00:23 (54 turns).

chaosape the Cudgeller (Gnoll Wanderer)               Turns: 54, Time: 00:00:25

Health: 0/23       AC:  2    Str:  9    XL:     1   Next: 20%
Magic:  1/1        EV: 11    Int: 12    God:
Gold:   9          SH:  0    Dex: 12    Spells: 0/0 levels left

rFire    . . .     SeeInvis .   a - +0 mace
rCold    . . .     Faith    .   (no shield)
rNeg     . . .     Spirit   .   d - +0 robe
rPois    .         Reflect  .   (no helmet)
rElec    .         Harm     .   (no cloak)
rCorr    .         Rampage  .   (no gloves)
Will     .....                  (no boots)
Stlth    +.........             (no amulet)
HPRegen  0.07/turn              (no ring)
MPRegen  0.07/turn              (no ring)

@: no status effects
A: fangs 1, strong nose, distributed training
a: no special abilities


You were on level 1 of the Dungeon.
You visited 1 branch of the dungeon, and saw 1 of its levels.

You collected 9 gold pieces.

Inventory:

Hand Weapons
 a - a +0 mace (weapon)
 c - a +0 falchion
Armour
 d - a +0 robe (worn)
Miscellaneous
 b - a condenser vane (quivered)


   Skills:
 + Level 6.4 Fighting
 + Level 0.0 Short Blades
 + Level 2.3 Long Blades
 + Level 0.0 Axes
 + Level 6.4 Maces & Flails
 + Level 0.0 Polearms
 + Level 0.0 Staves
 + Level 0.0 Slings
 + Level 0.0 Bows
 + Level 0.0 Crossbows
 + Level 2.3 Throwing
 + Level 2.3 Armour
 + Level 0.0 Dodging
 + Level 0.0 Stealth
 + Level 0.0 Shields
 + Level 0.0 Unarmed Combat
 + Level 0.0 Spellcasting
 + Level 0.0 Conjurations
 + Level 0.0 Hexes
 + Level 0.0 Summonings
 + Level 0.0 Necromancy
 + Level 0.0 Translocations
 + Level 0.0 Transmutations
 + Level 0.0 Fire Magic
 + Level 0.0 Ice Magic
 + Level 0.0 Air Magic
 + Level 0.0 Earth Magic
 + Level 0.0 Poison Magic
 + Level 0.0 Invocations
 + Level 2.3 Evocations


You couldn't memorise any spells.
You didn't know any spells.
Your spell library was empty.

Dungeon Overview and Level Annotations

Branches:
Dungeon (1/15)

Altars:


Innate Abilities, Weirdness & Mutations

You have very sharp teeth.
Your uncanny sense of smell can sniff out nearby items.
Your experience applies equally to all skills.


Message History

The goblin completely misses you. The giant cockroach bites you.
You barely miss the giant cockroach.
The giant cockroach is almost dead.
The giant cockroach barely misses you. The goblin closely misses you.
You closely miss the giant cockroach.
The giant cockroach is almost dead.
The giant cockroach misses you. The goblin completely misses you.
The giant cockroach bites you but does no damage.
You barely miss the giant cockroach.
The giant cockroach is almost dead.
The goblin hits you but does no damage. The endoplasm freezes you.
You are frozen.
The giant cockroach bites you.
You closely miss the giant cockroach.
The giant cockroach is almost dead.
The goblin hits you but does no damage. The endoplasm hits you.
The giant cockroach barely misses you. The goblin hits you with a +0 dagger.
You hit the giant cockroach.
You kill the giant cockroach!
The endoplasm hits you. The goblin misses you.
The kobold hits you with a +0 short sword.
You barely miss the kobold. The endoplasm closely misses you.
The goblin hits you but does no damage.
The kobold hits you with a +0 short sword.
The endoplasm barely misses you.
You are too injured to fight recklessly!
You are too injured to fight recklessly!
You are too injured to fight recklessly!
You are too injured to fight recklessly!
You are too injured to fight recklessly!
You are too injured to fight recklessly!
You are too injured to fight recklessly!
You are too injured to fight recklessly!
You hit the goblin.
You kill the goblin!
The kobold hits you with a +0 short sword.
* * * LOW HITPOINT WARNING * * *
The endoplasm freezes you.
You are frozen.
You die...

#..........#
#..........
#.........
#........ #
#.#.......
#.#.#....w.
#.#.#...Kr#
.#.......J@#
r.....####.####.##
###.......'.#.P#...
.....#.###.####.##
###.#...!...#
∆........####
####.#.#..#
..........# #+##
#####......# ♣♣..≈#


You could see a dart slug, an endoplasm, a kobold and a rat.

Vanquished Creatures
  A giant cockroach (D:1)
  A goblin (D:1)
2 creatures vanquished.

Notes
Turn   | Place    | Note
-------+----------+-------------------------------------------
     0 | D:1      | chaosape the Gnoll Wanderer began the quest for the Orb.
     0 | D:1      | chaosape set off with the following items: a +0 mace, a
                  | condenser vane, a +0 falchion, a +0 robe
     0 | D:1      | Reached XP level 1. HP: 23/23 MP: 1/1
    54 | D:1      | Frozen to death by an endoplasm

Illustrated notes

Levels and vault maps discovered:
D:1:      tarquinn_simple_flora_water_c, layout_basic,
          hellmonk_ecumenical_altar_heavens_door, serial_aquarium,
          aquarium_bridge_island_small [aquarium_subvault_small_open,
          aquarium_subvault_window, aquarium_subvault_wall,
          aquarium_subvault_bridge, aquarium_subvault_window],
          aquarium_window_fake, aquarium_window_corner, aquarium_view_2b,
          aquarium_pool_2

Action                   || total
-------------------------++-------
Melee: Mace              ||    11
Armor: Robe              ||     6
Dodge: Dodged            ||    12
